 Dungeon Crawl Stone Soup version 0.20.1-1-g8b1a95d (webtiles) character file.

73 Ryno the Skirmisher (level 4, -2/29 HPs)
             Began as a Gargoyle Monk on Nov 24, 2017.
             Slain by Ymberto's ghost (8 damage)
             ... on level 3 of the Dungeon.
             The game lasted 00:17:04 (1824 turns).

Ryno the Skirmisher (Gargoyle Monk)                 Turns: 1824, Time: 00:17:04

Health: -2/29      AC: 15    Str: 15    XL:     4   Next: 27%
Magic:  4/4        EV: 11    Int: 11    God:
Gold:   103        SH:  0    Dex: 12    Spells: 3/3 levels left

rFire    . . .     SeeInvis .   a - +0 mace
rCold    . . .     Gourm    .   (no shield)
rNeg     + . .     Faith    .   e - +3 ring mail
rPois    ∞         Spirit   .   l - +2 helmet
rElec    +         Reflect  .   (no cloak)
rCorr    .         Harm     .   (no gloves)
MR       .....                  o - +0 pair of boots
Stlth    ++........             (no amulet)
Regen    0.1/turn               k - ring of stealth
MPRegen  0.1/turn               (no ring)

@: no status effects
A: negative energy resistance 1, electricity resistance, unbreathing,
petrification resistance, rot immunity, AC +3
a: no special abilities


You were on level 3 of the Dungeon.
You were not hungry.

You visited 1 branch of the dungeon, and saw 3 of its levels.

You collected 103 gold pieces.

Inventory:

Hand Weapons
 a - a +0 mace (weapon)
Missiles
 g - 62 stones (quivered)
Armour
 e - a +3 ring mail (worn)
 l - a +2 helmet (worn)
 o - a +0 pair of boots (worn)
Jewellery
 k - a ring of stealth (left hand)
Potions
 m - 2 potions of curing
Comestibles
 c - a royal jelly
 d - 6 fruits
 h - a meat ration


   Skills:
 + Level 3.8 Fighting
 + Level 3.7 Maces & Flails
 + Level 0.9 Armour
 + Level 3.0 Dodging
 + Level 2.5 Stealth


You had 3 spell levels left.
You didn't know any spells.

Dungeon Overview and Level Annotations

Branches:
Dungeon (3/15)

Altars:

Annotations:
D:3 Ymberto's ghost, amateur HuFi


Innate Abilities, Weirdness & Mutations

You are resistant to torment.
Your stone body is resilient. (AC +3)
You are immune to poison.
You resist negative energy. (rN+)
You are resistant to electric shocks. (rElec)
You can survive without breathing.
You are immune to petrification.
You are immune to rotting.


Message History

Ymberto's ghost is lightly damaged.
Ymberto's ghost hits you but does no damage.
You barely miss Ymberto's ghost.
Ymberto's ghost is lightly damaged.
Ymberto's ghost barely misses you.
You hit Ymberto's ghost.
Ymberto's ghost is moderately damaged.
Ymberto's ghost hits you!
Ymberto's ghost hits you but does no damage.
You barely miss Ymberto's ghost.
Ymberto's ghost is moderately damaged.
Ymberto's ghost misses you.
You closely miss Ymberto's ghost.
Ymberto's ghost is moderately damaged.
Ymberto's ghost hits you.
* * * LOW HITPOINT WARNING * * *
You hit Ymberto's ghost.
Ymberto's ghost is moderately damaged.
Ymberto's ghost hits you!
You die...

..........# .....
.........# ....!
#......##.....
#.............
#...<.........
#.............
......##.........
.#.#####.........
........W@.......
.................
................
................
....=...........
................
############....
..(.


You could see Ymberto's ghost.

Vanquished Creatures
  Robin (D:2)
  3 adders (D:2)
  2 worms (D:2)
  A leopard gecko (D:2)
  A ball python (D:1)
  8 goblins
  2 hobgoblins
  5 bats
  4 frilled lizards
  A kobold (D:1)
  3 rats
31 creatures vanquished.

Notes
Turn   | Place    | Note
-------+----------+-------------------------------------------
     0 | D:1      | Ryno the Gargoyle Monk began the quest for the Orb.
     0 | D:1      | Reached XP level 1. HP: 14/14 MP: 1/1
   426 | D:1      | Reached XP level 2. HP: 19/19 MP: 2/2
   923 | D:2      | Noticed Robin
   923 | D:2      | Reached XP level 3. HP: 23/23 MP: 3/3
   934 | D:2      | Killed Robin
  1285 | D:2      | Reached XP level 4. HP: 24/29 MP: 4/4
  1814 | D:3      | Noticed Ymberto's ghost (amateur HuFi)
  1824 | D:3      | Slain by Ymberto's ghost

Skill      XL: |  1  2  3 |
---------------+----------+-----
Dodging        | 3 |  3.0
Fighting       | |  3.8
Maces & Flails | |  3.7
Armour         | |  0.9
Stealth        | |  2.5

Action                   |  1- 3 |  4- 6 || total
-------------------------+-------+-------++-------
Melee: Mace              |    77 |    43 ||   120
  Use: Scroll            |     9 |     3 ||    12
       Potion            |     2 |     1 ||     3
 Stab: Sleeping          |     3 |       ||     3
  Eat: Bread ration      |     1 |       ||     1
Armor: Scale mail        |    68 |    11 ||    79
       Robe              |    13 |       ||    13
       Ring mail         |       |     6 ||     6
       Plate armour      |       |     5 ||     5
Dodge: Dodged            |    62 |    16 ||    78
